 Dungeon Crawl Stone Soup version 0.30.1-11-g7821555f0a (webtiles) character file.

Game seed: 2206670421795485940

187 hawla the Firebug (level 5, -8/28 HPs)
             Began as a Deep Elf Fire Elementalist on Oct 28, 2023.
             Mangled by a worm (9 damage)
             ... on level 3 of the Dungeon.
             The game lasted 00:05:32 (2542 turns).

hawla the Firebug (Deep Elf Fire Elementalist)      Turns: 2542, Time: 00:05:32

Health: -8/28      AC:  2    Str:  5    XL:     5   Next: 39%
Magic:  5/13       EV: 12    Int: 22    God:
Gold:   219        SH:  0    Dex: 13    Spells: 6/13 levels left

rFire   . . .        (no weapon)
rCold   . . .        (no shield)
rNeg    . . .        a - +0 robe
rPois   .            (no helmet)
rElec   .            (no cloak)
rCorr   +            (no gloves)
SInv    .            (no boots)
Will    .....        (no amulet)
Stlth   ++           l - ring of resist corrosion
HPRegen 0.24/turn    (no ring)
MPRegen 0.13/turn

%: no passive effects
@: very slightly contaminated
A: clumsy 1
a: no special abilities


You were on level 3 of the Dungeon.
You visited 1 branch of the dungeon, and saw 3 of its levels.

You collected 219 gold pieces.

Inventory:

Armour
 a - a +0 robe (worn)
Jewellery
 l - a ring of resist corrosion (left hand)
Wands
 k - a wand of flame (17) (quivered)
Scrolls
 c - a scroll of amnesia {unknown}
 g - a scroll of brand weapon
 m - a scroll of fear {unknown}
Potions
 d - a potion of ambrosia
 e - 2 potions of curing {unknown}
 f - a potion of brilliance
 n - a potion of invisibility {unknown}


   Skills:
 - Level 2.7 Dodging
 - Level 2.6 Stealth
 - Level 4.5 Spellcasting
 + Level 3.8 Conjurations
 - Level 4.5 Fire Magic


You had 6 spell levels left.
You knew the following spells:

 Your Spells              Type           Power      Damage    Failure   Level
a - Foxfire               Conj/Fire      92%        2x1d8     1%          1
b - Scorch                Fire           48%        2d7       2%          2
c - Flame Wave            Conj/Fire      23%        2d8       19%         4

Your spell library contained the following spells:

 Spells                   Type           Power      Damage    Failure   Level
 Inner Flame              Hex/Fire       14%        N/A       13%         3
 Volatile Blastmotes      Fire/Tloc      28%        2d12      13%         3


Dungeon Overview and Level Annotations

Branches:
Dungeon (3/15)

Altars:
Okawaru


Innate Abilities, Weirdness & Mutations

You are clumsy. (Dex -2)


Message History

(Press . to intensify the flame waves.)
A wave of flame ripples out!
The flame wave engulfs the orc!
You kill the orc!
You hear a shout!
An orc comes into view. It is wielding a +0 club.
Unknown command.
Magic courses through your body.
Casting: Flame Wave (extremely dangerous; 19% risk of failure)
Confirm with . or Enter, or press ? or * to list all spells.
The spell is extremely dangerous to miscast (19% risk of failure)!
Continue anyway?
Casting: Flame Wave (extremely dangerous; 19% risk of failure)
Press: ? - help, Dir - look around, f - activate You miscast Flame Wave.
You are very lightly contaminated with residual magic.
Sparks fly from your hands.
The orc priest hits you with a +0 war axe!
* * * LOW HITPOINT WARNING * * *
Casting: Flame Wave (extremely dangerous; 19% risk of failure)
Confirm with . or Enter, or press ? or * to list all spells.
The spell is extremely dangerous to miscast (19% risk of failure)!
Continue anyway?
Casting: Flame Wave (extremely dangerous; 19% risk of failure)
Press: ? - help, Dir - look around, f - activate A wave of flame ripples out!
The flame wave engulfs the orc priest!
The orc priest is severely wounded.
The flame wave engulfs the worm!
The worm is heavily wounded. (Press . to intensify the flame waves.)
The orc priest closely misses you.
A kobold comes into view. It is wielding a +0 dagger.
A quokka comes into view.
A wave of flame ripples out!
The flame wave engulfs the orc priest.
The orc priest is almost dead.
The flame wave engulfs the worm!
The worm is almost dead.
The flame wave engulfs the orc.
The orc is moderately wounded.
The orc priest hits you with a +0 war axe.
* * * LOW HITPOINT WARNING * * *
The worm bites you!
You die...

...... ...# .. .....
..r##.. .... .......
... ...... #.. .†..#
#.. ....# #)#w...#.#
#.@o!o....
#####.o).....
########...........#
#..................#
#.........#####..#..
#.........# .....
#†.......(# ..K.
#####.........# ....
<..#.......<..# ...


You could see a worm, an orc priest, 2 orcs, a quokka and a kobold.

Vanquished Creatures
  An orc priest (D:3)
  Natasha (thrice) (D:2)
  An adder (D:2)
  A worm (D:2)
  A dart slug (D:2)
  An orc (D:3)
  4 ball pythons
  9 endoplasms
  10 giant cockroaches (D:2)
  4 goblins
  3 hobgoblins
  2 jackals (D:1)
  6 kobolds
  3 quokkas
  6 bats
  4 frilled lizards
  6 rats
65 creatures vanquished.

Vanquished Creatures (others)
  93 foxfires
93 creatures vanquished.

Grand Total: 158 creatures vanquished

Notes
Turn   | Place    | Note
-------+----------+-------------------------------------------
     0 | D:1      | hawla the Deep Elf Fire Elementalist began the quest for
                  | the Orb.
     0 | D:1      | Reached XP level 1. HP: 10/10 MP: 6/6
   142 | D:1      | Reached XP level 2. HP: 15/15 MP: 6/8
   145 | D:1      | Learned a level 2 spell: Scorch
   575 | D:1      | Reached XP level 3. HP: 19/19 MP: 0/10
  1360 | D:2      | Found an iron altar of Okawaru.
  1364 | D:2      | Noticed Natasha
  1369 | D:2      | Killed Natasha
  1370 | D:2      | Reached XP level 4. HP: 24/24 MP: 7/12
  1375 | D:2      | Learned a level 4 spell: Flame Wave
  1649 | D:2      | Noticed Natasha
  1653 | D:2      | Killed Natasha
  1703 | D:2      | Noticed Natasha
  1708 | D:2      | Killed Natasha
  1709 | D:2      | Reached XP level 5. HP: 18/28 MP: 8/13
  2482 | D:3      | Gained mutation: You are clumsy. (Dex -2) [potion of
                  | mutation]
  2542 | D:3      | HP: 1/28 [orc priest/+0 war axe (5)]
  2542 | D:3      | Mangled by a worm

Illustrated notes

Levels and vault maps discovered:
D:1:      dpeg_arrival_shrine, layout_loops_ring
D:2:      minmay_roachtagon, layout_basic, basic_altar, uniq_natasha
D:3:      layout_rooms, uniq_ijyb

Skill      XL: |  1  2  3  4 |
---------------+-------------+-----
Fire Magic     | 4 |  4.5
Spellcasting   | 4 |  4.5
Conjurations   | 3 |  3.8
Dodging        | |  2.7
Stealth        | |  2.6

Action                     |  1- 3 |  4- 6 || total
---------------------------+-------+-------++-------
  Melee: Unarmed           |    24 |     8 ||    32
   Cast: Foxfire           |    38 |    22 ||    60
         Scorch            |    17 |     7 ||    24
         Flame Wave        |       |     3 ||     3
    Use: Scroll            |     3 |     4 ||     7
         Potion            |       |     2 ||     2
 Armour: Robe              |     8 |       ||     8
  Dodge: Dodged            |    30 |    13 ||    43
